 Dungeon Crawl Stone Soup version 0.30-a0-322-g102857c98e (webtiles) character file.

Game seed: 6201731188317095270

1654 p00ps00p the Chopper (level 9, -4/79 HPs)
             Began as a Hill Orc Fighter on Oct 28, 2022.
             Was a Believer of Beogh.
             Slain by an orc warrior
             ... wielding a +0 scimitar
              (13 damage)
             ... on level 8 of the Dungeon.
             The game lasted 00:17:24 (6260 turns).

p00ps00p the Chopper (Hill Orc Fighter)             Turns: 6260, Time: 00:17:24

Health: -4/79      AC: 17    Str: 23    XL:     9   Next: 0%
Magic:  9/9        EV: 13    Int:  8    God:    Beogh [**....]
Gold:   368        SH:  5    Dex: 10    Spells: 8/8 levels left

rFire   . . .      SeeInvis .    a - +0 war axe
rCold   . . .      Faith    .    c - +0 buckler
rNeg    . . .      Spirit   .    b - +0 scale mail
rPois   .          Reflect  .    y - +2 helmet
rElec   .          Harm     .    (no cloak)
rCorr   .          Rampage  .    E - +0 pair of gloves
Will    .....                    j - +0 pair of boots
Stlth   ..........               (no amulet)
HPRegen 0.33/turn                w - +4 ring of protection
MPRegen 0.11/turn                n - +4 ring of evasion

@: no status effects
A: no striking features
a: Renounce Religion, Smiting


You were on level 8 of the Dungeon.
You worshipped Beogh.
Beogh was pleased with you.
You visited 1 branch of the dungeon, and saw 8 of its levels.

You collected 368 gold pieces.

Inventory:

Hand Weapons
 a - a +0 war axe (weapon)
Missiles
 f - 14 poisoned darts
 r - 2 throwing nets (quivered)
Armour
 b - a +0 scale mail (worn)
 c - a +0 buckler (worn)
 j - a +0 pair of boots (worn)
 y - a +2 helmet (worn)
 E - a +0 pair of gloves (worn)
Magical Staves
 F - a staff of earth
Jewellery
 n - a +4 ring of evasion (right hand)
 s - a ring of resist corrosion
 w - a +4 ring of protection (left hand)
 I - an amulet of guardian spirit
Wands
 D - a wand of iceblast (9)
 H - a wand of digging (6)
Scrolls
 g - 2 scrolls of teleportation {unknown}
 h - 2 scrolls of immolation
 i - 2 scrolls of noise {unknown}
 k - a scroll of torment {unknown}
 l - 5 scrolls of amnesia
 m - a scroll of blinking
 o - 2 scrolls of magic mapping {unknown}
 q - 2 scrolls of butterflies {unknown}
 t - 2 scrolls of fear {unknown}
 u - a scroll of silence {unknown}
 x - 2 scrolls of poison {unknown}
 B - a scroll of identify
Potions
 d - 2 potions of might
 e - 4 potions of curing
 p - a potion of flight {unknown}
 v - a potion of resistance {unknown}
 z - a potion of degeneration {unknown}
 A - 2 potions of brilliance {unknown}
 C - 2 potions of haste {unknown}
 G - a potion of mutation {unknown}


   Skills:
 + Level 7.5 Fighting
 + Level 7.8 Axes
 + Level 6.8 Armour
 + Level 6.8 Shields


You had 8 spell levels left.
You didn't know any spells.
Your spell library contained the following spells:

 Spells                   Type           Power      Damage    Failure   Level
 Apportation              Tloc           0%         N/A       77%         1
 Freeze                   Ice            0%         1d3       77%         1
 Magic Dart               Conj           0%         1d3       77%         1
 Necrotise                Necr           0%         1d4       77%         1
 Sting                    Tmut/Pois      0%         1d3       77%         1
 Summon Small Mammal      Summ           0%         N/A       77%         1
 Call Imp                 Summ           0%         N/A       88%         2
 Poisonous Vapours        Pois/Air       0%         N/A       88%         2
 Frozen Ramparts          Ice            0%         1d1       98%         3
 Hailstorm                Conj/Ice       0%         3d3       98%         3
 Mephitic Cloud           Conj/Pois/Air  0%         N/A       98%         3
 Olgreb's Toxic Radiance  Pois           0%         N/A       100%        4


Dungeon Overview and Level Annotations

Branches:
Dungeon (8/15)             Temple (0/1) D:6
   Lair: D:8-11

Altars:
Hepliaklqana
Beogh


Message History

Beogh accepts your kill.
The orc warrior unwields a +0 scimitar.
The orc warrior wields a +0 arbalest.
The orc warrior shoots a bolt.
The bolt hits you but does no damage.
Unknown command.
Aiming: Iceblast
Press: ? - help, Q - select action, (/) - cycle Shift-Dir - straight line, f - orc warrior
Aim: an orc warrior, wielding a +0 arbalest and wearing a +0 chain mail (severely wounded)
The mass of ice explodes!
The iceblast engulfs the orc!
You kill the orc!
Beogh accepts your kill.
The iceblast engulfs the orc warrior!
The orc warrior is almost dead.
Aiming: Iceblast
Press: ? - help, Q - select action, (/) - cycle Shift-Dir - straight line, f/p - orc warrior
Aim: an orc warrior, wielding a +0 arbalest and wearing a +0 chain mail (almost dead)
The mass of ice explodes!
The iceblast engulfs the orc warrior.
The orc warrior is almost dead.
The iceblast engulfs the orc!
You kill the orc!
Beogh accepts your kill.
The orc warrior shoots a bolt.
You block the bolt.
The orc throws a boomerang.
The boomerang hits you but does no damage.
The orc warrior shoots a bolt.
The bolt closely misses you.
The orc warrior shoots a bolt.
The bolt misses you. You block the orc's attack.
The orc warrior unwields a +0 arbalest.
The orc warrior wields a +0 scimitar.
The orc warrior barely misses you.
You hit the orc.
The orc is almost dead.
You hit the orc warrior. You block the orc's attack.
You hit the orc.
You kill the orc!
Beogh accepts your kill.
You barely miss the orc. You barely miss the orc warrior.
The orc warrior hits you with a +0 scimitar!
* * * LOW HITPOINT WARNING * * *
You block the orc's attack.
The orc warrior hits you with a +0 scimitar!
You die...
Beogh appreciates the orc warrior's killing of a heretic priest.

#...#...#.## ooo#+###
#...##.##.## #.#...#
#....#.#...# #)))..#
#....#.#...# #.))..#
#....#.#..## #))...#
##....#'#.#######)....#
...........#....o.....#
......#....'...ooo....#
......#....#....@######
......######.....#
.................#
.................#
............######
............# ........#
+########


You could see an orc warrior and 3 orcs.

Vanquished Creatures
  A black bear (D:5)
  2 ice beasts
  A sky beast (D:6)
  An orc warrior (D:8)
  An ogre (D:4)
  2 centaurs
  2 phantoms
  2 bullfrogs (D:7)
  A scorpion (D:6)
  A gnoll bouda (D:7)
  4 jellies
  An orc priest (D:4)
  A hound (D:5)
  3 orc wizards
  2 iguanas
  6 gnolls
  9 adders
  A shadow imp (D:5)
  2 white imps (D:7)
  An ufetubus (D:5)
  A worm (D:2)
  5 dart slugs
  31 orcs
  4 bats
  7 endoplasms
  4 giant cockroaches
  6 goblins
  3 hobgoblins
  5 jackals
  4 kobolds
  6 quokkas
  7 ball pythons
  4 frilled lizards
  6 rats
137 creatures vanquished.

Vanquished Creatures (others)
  An orc (D:3)
  A frilled lizard (D:3)
  A goblin (D:3)
  A plant (D:6)
4 creatures vanquished.

Grand Total: 141 creatures vanquished

Notes
Turn   | Place    | Note
-------+----------+-------------------------------------------
     0 | D:1      | p00ps00p the Hill Orc Fighter began the quest for the Orb.
     0 | D:1      | Reached XP level 1. HP: 19/19 MP: 1/1
    74 | D:1      | Reached XP level 2. HP: 27/27 MP: 2/2
   479 | D:2      | Reached XP level 3. HP: 33/33 MP: 3/3
   859 | D:2      | Reached XP level 4. HP: 39/40 MP: 4/4
  1257 | D:3      | Became a worshipper of Beogh the Brigand
  1668 | D:3      | Reached XP level 5. HP: 36/47 MP: 5/5
  2838 | D:4      | Noticed an ogre
  2856 | D:4      | Killed an ogre
  2857 | D:4      | Reached skill level 5 in Fighting
  2857 | D:4      | Reached XP level 6. HP: 28/56 MP: 6/6
  3048 | D:4      | Reached * piety under Beogh
  3185 | D:4      | Noticed an ice beast
  3200 | D:4      | Killed an ice beast
  3201 | D:4      | Reached skill level 5 in Axes
  3580 | D:5      | Entered Level 5 of the Dungeon
  3586 | D:5      | Reached skill level 5 in Armour
  3586 | D:5      | Reached skill level 5 in Shields
  3586 | D:5      | Reached XP level 7. HP: 50/61 MP: 7/7
  4450 | D:5      | Reached XP level 8. HP: 66/71 MP: 8/8
  4857 | D:6      | Found a staircase to the Ecumenical Temple.
  6171 | D:8      | Found a hazy altar of Hepliaklqana.
  6229 | D:8      | Found a roughly hewn altar of Beogh.
  6238 | D:8      | Reached ** piety under Beogh
  6248 | D:8      | Reached XP level 9. HP: 13/79 MP: 9/9
  6260 | D:8      | Slain by an orc warrior

Illustrated notes

Levels and vault maps discovered:
D:1:      minmay_arrival_radiant_lines, layout_rooms, roderic_serpentine_path
D:2:      layout_loops_ring, minmay_split_cup_large
D:3:      layout_rooms
D:4:      layout_basic
D:5:      layout_cave_pods
D:6:      layout_basic, minmay_temple_entry_gardened_gates
D:7:      layout_rooms, wad_floor_pattern_untrapped
D:8:      layout_gridville, mainiacjoe_overflow_surrounded_room, special_room
          [special_room_orc], ebering_ghost_rock_garden, minivault_11,
          nicolae_inconvenience_store, uniq_joseph, uniq_psyche, uniq_grum

Skill      XL: |  1  2  3  4  5  6  7  8 |
---------------+-------------------------+-----
Axes           | 3 4 5 6 7 |  7.8
Fighting       | 4 5 6 7 |  7.5
Shields        | 4 5 6 |  6.8
Armour         | 4 5 6 |  6.8

Action                   |  1- 3 |  4- 6 |  7- 9 || total
-------------------------+-------+-------+-------++-------
Melee: War axe           |    79 |   186 |   133 ||   398
Throw: Dart              |       |     4 |       ||     4
Invok: Convert to Beogh  |       |     1 |       ||     1
Evoke: Wand              |       |       |     3 ||     3
  Use: Scroll            |       |       |     5 ||     5
Armor: Scale mail        |    38 |   125 |   104 ||   267
Dodge: Dodged            |    45 |    98 |   130 ||   273
Block: Buckler           |    25 |    45 |    71 ||   141

Table legend: (Time is in decaauts)
 A = Elapsed time spent in this place.
 B = Non-inter-level travel time spent in this place.
 C = Inter-level travel time spent in this place.
 D = Time resting spent in this place.
 E = Time spent auto-exploring this place.
 F = Levels seen in this place.
 G = Mean time per level.
                   A        B        C        D        E       F      G
               +--------+--------+--------+--------+--------+-----+--------+
         Total |   6378 |   6214 |    164 |    995 |   3801 |   8 |  797.2 |
       Dungeon |   6378 |   6214 |    164 |    995 |   3801 |   8 |  797.2 |
               +--------+--------+--------+--------+--------+-----+--------+

Top non-repeatable levels by time:
     D:3: 1632 daAuts
     D:5: 1117 daAuts
     D:6: 1009 daAuts
     D:2: 798 daAuts
     D:4: 760 daAuts
     D:1: 479 daAuts
     D:7: 466 daAuts
     D:8: 113 daAuts
